 Dungeon Crawl Stone Soup version 0.23.2-40-g277498a001 (webtiles) character file.

Game seed: 2880327709214002850

7474 OrcJesus the Covert (level 11, -3/82 HPs)
             Began as an Octopode Transmuter on Sept 7, 2019.
             Was an Initiate of Gozag.
             Slain by a hog (7 damage)
             ... on level 9 of the Dungeon on Sept 8, 2019.
             The game lasted 00:49:57 (12868 turns).

OrcJesus the Covert (Octopode Transmuter)          Turns: 12868, Time: 00:49:58

Health: -3/82      AC:  7    Str:  9    XL:     11   Next: 15%
Magic:  17/18      EV: 12    Int: 21    God:    Gozag
Gold:   1242       SH:  0    Dex: 16    Spells: 13/20 levels left

rFire    x . .     SeeInvis .     - Unarmed
rCold    + + +     Gourm    .   (shield currently unavailable)
rNeg     . . .     Faith    .   (helmet currently unavailable)
rPois    +         Spirit   .   (no amulet)
rElec    .         Reflect  .   o - ring of wizardry
rCorr    .         Harm     .   C - +2 ring of intelligence
MR       .....                  B - +3 ring of dexterity
Stlth    ++++......             (no ring)
HPRegen  0.23/turn              (no ring)
MPRegen  0.16/turn              (no ring)
                                (no ring)
                                (no ring)

@: ice-form
A: large, almost no armour, stealthy swim, amphibious, 8 rings, (constrict 8)
a: End Transformation, Potion Petition, Call Merchant, Bribe Branch, Renounce
Religion


You were on level 9 of the Dungeon.
You worshipped Gozag.
Gozag was most pleased with you.
You were not hungry.
You were a creature of crystalline ice.
You visited 2 branches of the dungeon, and saw 10 of its levels.
You also visited: Ossuary.

You collected 1298 gold pieces.
You paid 56 gold pieces to Gozag.

Inventory:

Hand Weapons
 g - a +0 spear
Missiles
 a - 217 arrows
 G - 4 javelins (quivered)
 L - 5 javelins of returning
Jewellery
 o - a ring of wizardry (left front paw)
 B - a +3 ring of dexterity (on tentacle)
 C - a +2 ring of intelligence (right front paw)
 K - a cursed ring of attention {unknown}
Wands
 r - a wand of scattershot (7)
 E - a wand of acid (11)
 F - a wand of flame (62)
 H - a wand of enslavement (7)
 M - a wand of paralysis (8)
Scrolls
 b - 6 scrolls of enchant armour
 e - a scroll of amnesia
 h - 7 scrolls of remove curse
 l - a scroll of summoning {unknown}
 m - 3 scrolls of fog
 q - 2 scrolls of blinking
 s - 3 scrolls of enchant weapon
 t - 7 scrolls of teleportation
 u - a scroll of silence {unknown}
 w - 3 scrolls of fear {unknown}
 y - 4 scrolls of random uselessness {unknown}
Potions
 d - 2 potions of brilliance {unknown}
 f - 2 potions of mutation {unknown}
 i - 2 potions of invisibility {unknown}
 j - 6 potions of curing
 k - 4 potions of flight {unknown}
 n - 2 potions of lignification {unknown}
 p - 2 potions of cancellation {unknown}
 v - a potion of resistance
 x - 4 potions of agility {unknown}
 z - a potion of haste
 A - a potion of berserk rage
 D - a potion of might
 I - 2 potions of degeneration {unknown}
 J - a potion of magic {unknown}
Comestibles
 c - 6 rations


   Skills:
 - Level 4.0 Fighting
 - Level 4.1 Dodging
 + Level 8.8 Stealth
 * Level 8.7 Unarmed Combat
 * Level 5.1 Spellcasting
 - Level 8.0 Transmutations
 - Level 8.0 Ice Magic


You had 13 spell levels left.
You knew the following spells:

 Your Spells              Type           Power        Failure   Level  Hunger
a - Beastly Appendage     Tmut           #####.       1%          1    None
q - Ice Form              Ice/Tmut       #####...     1%          4    ####...
w - Sticks to Snakes      Tmut           #####...     1%          2    None

Your spell library contained the following spells:

 Spells                   Type           Power        Failure   Level  Hunger
 Freeze                   Ice            ####         1%          1    None
 Passwall                 Tmut/Erth      ###.....     1%          2    None
 Throw Frost              Conj/Ice       ###...       1%          2    None
 Ozocubu's Armour         Chrm/Ice       ###.....     2%          3    ##.....
 Spider Form              Tmut/Pois      ###.......   2%          3    ##.....
 Animate Skeleton         Necr           N/A          4%          1    None
 Confusing Touch          Hex            #.....       4%          1    None
 Corona                   Hex            #......      4%          1    None
 Sandblast                Erth           #.....       4%          1    None
 Blade Hands              Tmut           #####.....   4%          5    #####..
 Slow                     Hex            #.......     6%          2    None
 Petrify                  Tmut/Erth      ###.....     9%          4    ####...
 Summon Ice Beast         Ice/Summ       ###.....     9%          4    ####...
 Throw Icicle             Conj/Ice       ###.....     9%          4    ####...
 Confuse                  Hex            #.......     13%         3    ##.....
 Gell's Gravitas          Tloc           #.........   13%         3    ##.....
 Inner Flame              Hex/Fire       #.......     13%         3    ##.....
 Portal Projectile        Hex/Tloc       #.....       13%         3    ##.....
 Stone Arrow              Conj/Erth      #.....       13%         3    ##.....
 Metabolic Englaciation   Hex/Ice        ###.......   22%         5    #####..
 Yara's Violent Unravell  Hex/Tmut       ###.......   22%         5    #####..
 Cause Fear               Hex            #.........   38%         4    ####...
 Leda's Liquefaction      Hex/Erth       #.........   38%         4    ####...
 Lee's Rapid Deconstruct  Erth           #.........   71%         5    #####..


Dungeon Overview and Level Annotations

Branches:
Dungeon (9/15)             Temple (1/1) D:4
   Lair: D:8-11         Orc: D:9-12

Altars:
Ashenzari
Cheibriados
Dithmenos
Elyvilon
Fedhas
Gozag
Hepliaklqana
Kikubaaqudgha
Makhleb
Nemelex Xobeh
Okawaru
Qazlal
Ru
Sif Muna
Trog
Uskayaw
Vehumet
Wu Jian
Xom
Yredelemnul
Zin
The Shining One

Shops:
D:4 (


Innate Abilities, Weirdness & Mutations

You cannot wear most types of armour.
You are very stealthy in the water. (Stealth+)
You are amphibious.
You can wear up to eight rings at the same time.
((You can use your tentacles to constrict eight enemies at once.))
((Your skin changes colour to match your surroundings (Stealth+).))
((Your rubbery body absorbs attacks. (AC +1, EV +1)))


Message History

You punch the hog! You freeze the hog.
You kill the hog!
There is an open door here.
You hit the hog. You freeze the hog.
The hog is no longer distracted by gold.
The hog is moderately wounded.
The hog completely misses you.
You punch the hog! You freeze the hog!
The hog is almost dead.
The hog bites you!
* * * LOW HITPOINT WARNING * * *
You hit the hog but do no damage.
The hog is almost dead.
The hog bites you!
* * * LOW HITPOINT WARNING * * *
You closely miss the hog.
The hog is almost dead.
The hog bites you!
You die...
Your body crumbles into a pile of gold.

#.##########.# #.# #.#
#.##### #.# #.#.#.(.######.#
#............#.#
#####'######.#.# #..#..# ###
#.# #..#..# #.. #.# #.hY$.#
#.# #.# ###### #.$#$%# #.#
#.# #....####..#%%# #.# #.#
#.......####### #.# #.#
######....#####.######.####.#
.....'.....................>#
###.##.......##).......######
#.#####.......######## #.#
#.........<#


You could see a hog.

Vanquished Creatures
  Erolcha (D:9)
  Erica (D:9)
  A two-headed ogre (D:8)
  Prince Ribbit (D:5)
  Grinder (D:4)
  A hippogriff (D:7)
  3 hogs (D:9)
  A human (D:9)
  Eustachio (D:6)
  Edmund (D:5)
  A water moccasin (D:6)
  2 orc warriors
  A sky beast (D:8)
  A phantom (D:6)
  A necrophage (D:7)
  8 ogres
  2 crocodiles
  7 centaurs
  A big kobold (D:7)
  3 bullfrogs
  3 killer bees (D:7)
  A scorpion (D:9)
  5 crimson imps
  7 hounds
  2 jellies (D:8)
  Crazy Yiuf (D:5)
  A bullfrog skeleton (D:9)
  4 orc priests
  8 orc wizards
  4 iguanas
  Terence (D:2)
  8 worker ants
  A hound zombie (D:8)
  2 hound skeletons
  12 mummies (Ossuary)
  A worker ant zombie (D:5)
  2 howler monkey skeletons
  8 gnolls
  9 adders
  An ooze (D:3)
  An adder zombie (D:6)
  4 worms
  3 dart slugs
  5 leopard geckos
  23 orcs
  A ball python (D:3)
  2 giant cockroaches
  9 goblins
  6 hobgoblins
  10 jackals
  6 quokkas
  7 bats
  10 frilled lizards
  3 gnoll skeletons (Ossuary)
  2 goblin skeletons (Ossuary)
  15 kobolds
  3 kobold skeletons (Ossuary)
  10 rats
  11 rat skeletons (Ossuary)
  A fungus (D:5)
252 creatures vanquished.

Notes
Turn   | Place    | Note
-------+----------+-------------------------------------------
     0 | D:1      | OrcJesus the Octopode Transmuter began the quest for the
                  | Orb.
     0 | D:1      | Reached XP level 1. HP: 13/13 MP: 3/3
   202 | D:1      | Reached XP level 2. HP: 16/18 MP: 5/5
   521 | D:1      | Learned a level 2 spell: Sticks to Snakes
   587 | D:1      | Reached XP level 3. HP: 19/23 MP: 4/6
  1012 | D:2      | Noticed Terence
  1019 | D:2      | Killed Terence
  1019 | D:2      | Reached XP level 4. HP: 27/28 MP: 5/7
  2016 | D:2      | Reached XP level 5. HP: 4/33 MP: 8/8
  2029 | D:2      | Learned a level 4 spell: Ice Form
  2359 | D:2      | Reached skill level 5 in Transmutations
  2448 | D:2      | Reached skill level 1 in Ice Magic
  3030 | D:3      | Reached XP level 6. HP: 29/38 MP: 7/9
  3925 | D:4      | Reached XP level 7. HP: 16/43 MP: 3/10
  3976 | D:4      | Reached skill level 5 in Ice Magic
  4000 | D:4      | Found a sand-covered staircase.
  4009 | Ossuary  | Entered an ossuary
  4476 | Ossuary  | Reached skill level 1 in Stealth
  5065 | D:4      | Found Raaloi's Weapon Shoppe.
  5068 | D:4      | Noticed Grinder
  5084 | D:4      | Paralysed by Grinder for 4 turns
  5090 | D:4      | Killed Grinder
  5090 | D:4      | Reached XP level 8. HP: 8/50 MP: 7/12
  5499 | D:4      | Found a staircase to the Ecumenical Temple.
  5508 | Temple   | Entered the Ecumenical Temple
  5643 | Temple   | Became a worshipper of Gozag Ym Sagoz the Greedy
  5990 | D:5      | Entered Level 5 of the Dungeon
  6057 | D:5      | Noticed Edmund
  6069 | D:5      | Killed Edmund
  6407 | D:5      | Found a runed translucent door.
  6408 | D:5      | Noticed Crazy Yiuf
  6413 | D:5      | Killed Crazy Yiuf
  6663 | D:5      | Noticed Prince Ribbit
  6670 | D:5      | Killed Prince Ribbit
  6670 | D:5      | Reached skill level 5 in Stealth
  6670 | D:5      | Reached XP level 9. HP: 48/56 MP: 8/13
  6768 | D:5      | Found a basalt altar of Yredelemnul.
  6774 | D:5      | Reached skill level 5 in Unarmed Combat
  8496 | D:6      | Noticed Eustachio
  8510 | D:6      | Killed Eustachio
  8797 | D:7      | You fall through a shaft for 2 floors!
  8868 | D:8      | Noticed a two-headed ogre
  8876 | D:8      | HP: 3/67 [two-headed ogre/+0 giant spiked club (16)]
  8877 | D:8      | Killed a two-headed ogre
  8877 | D:8      | Reached XP level 10. HP: 3/63 MP: 9/14
 11510 | D:9      | Noticed Erica
 11528 | D:9      | Killed Erica
 11913 | D:9      | Found a deep blue altar of Sif Muna.
 11940 | D:9      | Identified Sif Muna's Volume of Sinister Rites
 12621 | D:9      | Noticed Erolcha
 12637 | D:9      | Killed Erolcha
 12637 | D:9      | Reached XP level 11. HP: 38/69 MP: 13/18
 12853 | D:9      | Reached skill level 5 in Spellcasting
 12867 | D:9      | HP: 4/82 [hog (13)]
 12868 | D:9      | Slain by a hog

Skill      XL: |  1  2  3  4  5  6  7  8  9 10 11 |
---------------+----------------------------------+-----
Transmutations | 3 4 5 6 7 8 |  8.0
Ice Magic      | 3 4 5 6 7 8 |  8.0
Stealth        | 2 5 7 8 |  8.8
Fighting       | 2 3 4 |  4.0
Unarmed Combat | 4 7 8 |  8.7
Spellcasting   | 3 4 5 |  5.1
Dodging        | 3 4 |  4.1

Action                   |  1- 3 |  4- 6 |  7- 9 | 10-12 || total
-------------------------+-------+-------+-------+-------++-------
Melee: Unarmed           |    58 |    48 |   188 |   204 ||   498
       Constrict         |    17 |    25 |    44 |    12 ||    98
       Tentacles         |    12 |    17 |    27 |    15 ||    71
       Kick              |     9 |    13 |    12 |    12 ||    46
       Short sword       |     2 |    78 |   112 |       ||   192
       Punch             |       |       |     5 |     4 ||     9
 Cast: Beastly Appendage |     7 |    13 |    12 |     7 ||    39
       Ice Form          |       |     5 |    15 |    11 ||    31
  Use: Potion            |     1 |       |       |     1 ||     2
       Scroll            |       |     7 |     5 |       ||    12
 Stab: Sleeping          |    10 |     6 |    21 |    11 ||    48
       Distracted        |       |       |     1 |       ||     1
  Eat: Chunk             |       |     7 |     4 |       ||    11
       Ration            |       |     1 |     5 |     4 ||    10
Armor: Skin              |     6 |     9 |    50 |    38 ||   103
Dodge: Dodged            |    27 |    62 |   163 |    88 ||   340
